 Dungeon Crawl Stone Soup version 0.25.1-8-g42b30a86e7 (webtiles) character file.

Game seed: 11281648397282863372

916 Tiocfaidh the Vandal (level 7, 0/59 HPs)
             Began as a Centaur Hunter on Dec 20, 2020.
             Was an Initiate of Okawaru.
             Succumbed to an orc wizard's poison
             ... on level 5 of the Dungeon on Dec 21, 2020.
             The game lasted 00:50:10 (7540 turns).

Tiocfaidh the Vandal (Centaur Hunter)               Turns: 7540, Time: 00:50:11

Health: 0/59       AC:  8    Str: 15    XL:     7   Next: 83%
Magic:  7/7        EV: 10    Int: 10    God:    Okawaru [......]
Gold:   273        SH:  0    Dex: 11    Spells: 6/6 levels left

rFire    . . .     SeeInvis .   z - +2 dagger (freeze)
rCold    + . .     Gourm    .   (no shield)
rNeg     . . .     Faith    .   e - +2 robe {rC+}
rPois    .         Spirit   .   x - +0 helmet
rElec    .         Reflect  .   l - scarf {repulsion}
rCorr    .         Harm     .   h - +0 pair of gloves
MR       .....                  (no barding)
Stlth    +.........             (no amulet)
HPRegen  0.19/turn              s - ring of wizardry
MPRegen  0.10/turn              (no ring)

@: lethally poisoned (0 -> -44), flying, repel missiles, very quick
A: large, hooves 3, deformed body, speed 2, tough skin 3
a: Renounce Religion


You were on level 5 of the Dungeon.
You worshipped Okawaru.
Okawaru was noncommittal.
You were not hungry.

You visited 2 branches of the dungeon, and saw 6 of its levels.
You also visited: Sewer.

You collected 273 gold pieces.

Inventory:

Hand Weapons
 a - a +1 shortbow
 c - a +0 hunting sling
 n - a +1 vampiric dagger
 w - a +4 dagger
 z - a +2 dagger of freezing (weapon)
 K - a +1 short sword of holy wrath
Missiles
 b - 3 datura-tipped darts
 d - 180 arrows
 g - 59 stones (quivered)
 u - 14 sling bullets
 v - 7 poisoned darts
 y - 23 bolts
 A - 4 boomerangs of dispersal
 B - 10 boomerangs
 C - 8 javelins
Armour
 e - a +2 robe of cold resistance (worn)
 h - a +0 pair of gloves (worn)
 l - a scarf of repulsion (worn)
 x - a +0 helmet (worn)
Jewellery
 s - a ring of wizardry (left hand)
Scrolls
 i - 5 scrolls of remove curse
 j - a scroll of blinking {unknown}
 m - 5 scrolls of identify {unknown}
 o - 2 scrolls of fog {unknown}
 p - a scroll of noise {unknown}
 F - a scroll of immolation {unknown}
Potions
 k - a potion of flight
 q - 2 potions of cancellation {unknown}
 r - a potion of resistance {unknown}
 t - 2 potions of invisibility {unknown}
 D - a potion of haste {unknown}
 E - a potion of lignification {unknown}
 G - a potion of curing
 H - a potion of degeneration {unknown}
 I - 2 potions of mutation {unknown}
 J - a potion of brilliance {unknown}
Comestibles
 f - 3 rations


   Skills:
 + Level 4.1 Fighting
 + Level 2.2 Short Blades
 + Level 6.6 Slings
 + Level 6.3 Bows
 + Level 0.2(4.0) Throwing
 + Level 2.9 Dodging
 + Level 0.7 Stealth


You had 6 spell levels left.
You didn't know any spells.
Your spell library was empty.

Dungeon Overview and Level Annotations

Branches:
Dungeon (5/15)             Temple (1/1) D:5           Sewer (visited)

Altars:
Ashenzari
Cheibriados
Dithmenos
Elyvilon
Gozag
Hepliaklqana
Makhleb
Okawaru
Qazlal
Ru
Sif Muna
Trog
Uskayaw
Vehumet
Wu Jian
Xom
Zin
The Shining One


Innate Abilities, Weirdness & Mutations

You have hooves in place of feet.
Armour fits poorly on your strangely shaped body.
You cover ground very quickly.
You have extremely tough skin. (AC +3)


Message History

* * * LOW HITPOINT WARNING * * *
You feel very sick.
The orc wizard hits you but does no damage.
You are more poisoned.
The orc wizard hits you but does no damage.
You are more poisoned.
You hit the orc wizard. You freeze the orc wizard.
You kill the orc wizard!
Okawaru accepts your kill.
Your Short Blades skill increases to level 2!
* * * LOW HITPOINT WARNING * * *
You feel very sick.
You hit the orc but do no damage. Your kick misses the orc.
* * * LOW HITPOINT WARNING * * *
You feel very sick. The orc barely misses you.
It was a potion of flight.
You feel very buoyant.
You fly up into the air.
You die...

...o.....## ####...#.##......#
........## #....##.#....#.
........# #....#.#.####.#
........###########.....#.##..##.
......(.o..o....o........##....##
#.......########..#..............
##.....## ##..##..........{...
≈##...## ##..##.......##....##
≈≈##### #...@o5.....#.##..##.
.≈≈# #######....#.#.####.# #.≈≈#
#....##.#....#. #.§§
#...#.##oJo...# #..#5#.........
#..##.......... #.#............
#.............. ###########....


You could see a shadow imp and an orc.

Vanquished Creatures
  A crocodile (Sewer)
  A bullfrog (D:5)
  2 crimson imps
  A bullfrog skeleton (D:5)
  3 orc priests
  A jelly (D:5)
  8 orc wizards
  3 worker ants
  Robin (D:4)
  9 adders
  2 oozes
  An adder skeleton (D:3)
  3 worms
  A dart slug (D:1)
  3 leopard geckos
  27 orcs
  11 goblins
  9 hobgoblins
  12 jackals
  2 quokkas
  3 ball pythons
  7 bats
  3 frilled lizards
  A jackal skeleton (D:5)
  9 kobolds
  2 leopard gecko skeletons
  A quokka zombie (D:5)
  7 rats
134 creatures vanquished.

Vanquished Creatures (others)
  An orc wizard (D:4)
1 creature vanquished.

Grand Total: 135 creatures vanquished

Notes
Turn   | Place    | Note
-------+----------+-------------------------------------------
     0 | D:1      | Tiocfaidh the Centaur Hunter began the quest for the Orb.
     0 | D:1      | Reached XP level 1. HP: 17/17 MP: 1/1
    42 | D:1      | Reached XP level 2. HP: 23/25 MP: 2/2
   482 | D:1      | Found a bloodstained altar of Trog.
   598 | D:1      | Reached XP level 3. HP: 30/30 MP: 3/3
  1784 | D:2      | Found a shattered altar of Ashenzari.
  2153 | D:3      | Found a faded altar of an unknown god.
  2341 | D:2      | Reached skill level 1 in Slings
  2535 | D:3      | Reached XP level 4. HP: 20/37 MP: 4/4
  2704 | D:3      | Found a stormy altar of Qazlal.
  2812 | D:3      | Reached XP level 5. HP: 29/44 MP: 5/5
  3505 | D:3      | Reached skill level 1 in Short Blades
  3505 | D:3      | Reached XP level 6. HP: 28/51 MP: 6/6
  3908 | D:4      | Noticed Robin
  3955 | D:4      | Killed Robin
  4621 | D:4      | Found a shimmering blue altar of Sif Muna.
  4968 | D:4      | Reached skill level 5 in Slings
  5393 | D:4      | Reached XP level 7. HP: 31/57 MP: 7/7
  5581 | D:4      | Found an ornate altar of the Wu Jian Council.
  5952 | D:4      | Found a glowing silver altar of Zin.
  6032 | D:5      | Entered Level 5 of the Dungeon
  6515 | D:5      | Found a glowing drain.
  6544 | Sewer    | Entered a sewer
  6979 | D:5      | Found a staircase to the Ecumenical Temple.
  7003 | Temple   | Entered the Ecumenical Temple
  7261 | Temple   | Became a worshipper of Warmaster Okawaru
  7540 | D:5      | Succumbed to an orc wizard's poison

Illustrated notes

Levels and vault maps discovered:
D:1:      dpeg_arrival_shrine, layout_basic, kennysheep_flooded_box
D:2:      layout_basic, nicolae_ashenzari_panopticon
D:3:      layout_basic, nicolae_overflow_hidden_temple,
          chequers_ecumenical_altar_simple_redux
D:4:      layout_loops_corners, led_sif_book, lemuel_coloured_pillars_altar,
          kennysheep_mini, first_ration, uniq_robin
D:5:      layout_rooms, minmay_temple_entry_large_hall,
          cheibrodos_sewer_entry_sluice, kennysheep_diamond, grunt_ministairs_7,
          minmay_misc_feat_secret_circle
Temple:   oiseaux_autumnal_temple

Skill      XL: |  1  2  3  4  5  6  7 |
---------------+----------------------+-----
Bows           | 6 |  6.3
Slings         | 1 3 4 5 6 |  6.6
Dodging        | 2 |  2.9
Fighting       | 3 4 |  4.1
Short Blades   | 1 2 |  2.2
Throwing       | |  0.2
Stealth        | |  0.7

Action                   |  1- 3 |  4- 6 |  7- 9 || total
-------------------------+-------+-------+-------++-------
Melee: Dagger            |    86 |   210 |   116 ||   412
       Whip              |    34 |       |       ||    34
       Kick              |    21 |    39 |    36 ||    96
 Fire: Shortbow          |    16 |       |       ||    16
       Hunting sling     |    58 |   186 |    70 ||   314
Throw: Stone             |     7 |       |     2 ||     9
       Dart              |     4 |       |       ||     4
  Use: Scroll            |       |     1 |       ||     1
       Potion            |       |       |     1 ||     1
  Eat: Ration            |     1 |     2 |     2 ||     5
       Chunk             |       |     2 |       ||     2
Armor: Leather armour    |     4 |       |       ||     4
       Robe              |    81 |    98 |    50 ||   229
Dodge: Dodged            |    98 |   116 |    73 ||   287
       Repelled          |     3 |    12 |     3 ||    18
